 Dungeon Crawl Stone Soup version 0.19-a0-1032-g6b228a8 (webtiles) character file.

202 JeffiDaFish the Firebug (level 5, -1/38 HPs)
             Began as a Draconian Fire Elementalist on July 28, 2016.
             Was an Initiate of Vehumet.
             Shot with an arrow by a centaur (8 damage)
             ... on level 3 of the Dungeon on July 30, 2016.
             The game lasted 00:29:38 (4357 turns).

JeffiDaFish the Firebug (DrFE)                      Turns: 4357, Time: 00:29:39

Health: -1/38      AC:  5    Str: 11    XL:     5   Next: 50%
Magic:  4/10       EV: 12    Int: 16    God:    Vehumet [......]
Gold:   83         SH:  0    Dex: 11    Spells: 2 memorised, 7 levels left

rFire  . . .     SeeInvis .     h - +0 short sword
rCold  . . .     Gourm    .     (armour unavailable)
rNeg   . . .     Faith    .     (no shield)
rPois  .         Spirit   .     (helmet restricted)
rElec  .         Dismiss  .     (no cloak)
rCorr  .         Reflect  .     (no gloves)
SustAt .         Harm     .     (no boots)
MR     .....                    (no amulet)
Stlth  ++........               (no ring)
                                (no ring)

@: very slightly contaminated, not resistant to hostile enchantments, unstealthy
A: unfitting armour, cold-blooded, AC +5
a: Renounce Religion


You were on level 3 of the Dungeon.
You worshipped Vehumet.
Vehumet was noncommittal.
You were not hungry.

You visited 1 branch of the dungeon, and saw 3 of its levels.

You collected 83 gold pieces.

Inventory:

Hand Weapons
 h - a +0 short sword (weapon)
Scrolls
 c - 3 scrolls of identify
 e - a scroll of blinking {unknown}
 g - a scroll of immolation {unknown}
Potions
 d - a potion of agility {unknown}
 i - a potion of haste {unknown}
 j - 3 potions of curing
 l - a potion of flight {unknown}
Books
 a - a book of Flames

   Spells                             Type                      Level
   a - Flame Tongue                   Conjuration/Fire             1
   b - Throw Flame                    Conjuration/Fire             2
   c - Conjure Flame                  Conjuration/Fire             3
   d - Inner Flame                    Hexes/Fire                   3
   e - Sticky Flame                   Conjuration/Fire             4
   f - Fireball                       Conjuration/Fire             5
Comestibles
 b - 4 bread rations


   Skills:
 + Level 1.6 Short Blades
 - Level 2.5 Dodging
 + Level 2.0 Stealth
 * Level 3.4 Spellcasting
 + Level 2.0 Conjurations
 + Level 4.0 Fire Magic


You had 7 spell levels left.
You knew the following spells:

 Your Spells              Type           Power        Failure   Level  Hunger
a - Flame Tongue          Conj/Fire      ##...        8%          1    None
b - Throw Flame           Conj/Fire      ##....       10%         2    ##.....


Dungeon Overview and Level Annotations

Branches:
Dungeon (3/15)

Altars:
Ashenzari
Fedhas
Hepliaklqana
Nemelex Xobeh
Sif Muna
Vehumet


Innate Abilities, Weirdness & Mutations

Your plain brown scales are hard. (AC +5)
Your body does not fit into most forms of armour.
You are cold-blooded and may be slowed by cold attacks.


Message History

Confirm with . or Enter, or press ? or * to list all spells.
Aiming: Throw Flame
Press: ? - help, Shift-Dir - straight line, f/p - centaur
Aim: a centaur, wielding an enchanted shortbow The puff of flame hits the hobgoblin.
You kill the hobgoblin!
Vehumet accepts your kill.
The centaur shoots an arrow.
The arrow hits you!
* * * LOW HITPOINT WARNING * * *
Casting: Throw Flame
Confirm with . or Enter, or press ? or * to list all spells.
Aiming: Throw Flame
Press: ? - help, Shift-Dir - straight line, f/p - centaur
Aim: a centaur, wielding an enchanted shortbow The puff of flame hits the centaur.
The centaur is lightly wounded.
The centaur shoots an arrow.
The arrow closely misses you.
The centaur shoots an arrow.
The arrow barely misses you.
The centaur shoots an arrow.
The arrow hits you!
You die...

###### #####
#..#######.# ##.#..##
###..)# #.########.##
#......####.'.).#
#.#.....).#..
##.......#..##...#
#.#)######.##
##..##...#.########
#.#.##...#.#.
.....#######
#....#...)... .....#
#..#......... .....#
#############..........#
.....#
#....((@....c..........#
.....#
#.#######..#...........#
##.### #.#
#.#.##.......... #.# #.#
#.#######...#### #.###
#.# #.# #...# #
#...#####.##### #.#
##..# # ###...........#
#.# #..# # #..####.###.#
#.# #..# # ###..# #.#
#.# #.# #..## #


You could see a centaur.

Vanquished Creatures
  Crazy Yiuf (D:3)
  Robin (D:3)
  5 adders
  3 oozes
  3 worms
  2 dart slugs (D:1)
  3 giant geckos
  2 orcs (D:3)
  4 giant cockroaches
  14 goblins
  12 hobgoblins
  2 jackals (D:3)
  4 quokkas
  A ball python (D:3)
  11 bats
  A giant newt (D:1)
  5 kobolds
  10 rats
84 creatures vanquished.

Notes
Turn   | Place    | Note
-------+----------+-------------------------------------------
     0 | D:1      | JeffiDaFish the Draconian Fire Elementalist began the quest for the Orb.
     0 | D:1      | Reached XP level 1. HP: 14/14 MP: 3/3
   463 | D:1      | Reached XP level 2. HP: 15/20 MP: 0/5
   954 | D:1      | Learned a level 2 spell: Throw Flame
   999 | D:1      | Reached XP level 3. HP: 26/26 MP: 1/6
  1858 | D:2      | Reached skill level 1 in Short Blades
  2021 | D:2      | Reached XP level 4. HP: 33/33 MP: 4/7
  2388 | D:2      | HP: 1/33 [poisoned by an adder]
  3385 | D:3      | Found a sparkling altar of Nemelex Xobeh.
  3386 | D:3      | Found a deep blue altar of Sif Muna.
  3389 | D:3      | Found a radiant altar of Vehumet.
  3389 | D:3      | Found a hazy altar of Hepliaklqana.
  3389 | D:3      | Found a shattered altar of Ashenzari.
  3392 | D:3      | Found a blossoming altar of Fedhas.
  3431 | D:3      | Became a worshipper of Vehumet
  3603 | D:3      | Found a runed door.
  3811 | D:3      | Reached XP level 5. HP: 38/38 MP: 4/9
  3959 | D:3      | Noticed Robin
  3968 | D:3      | Killed Robin
  4243 | D:3      | Noticed Crazy Yiuf
  4250 | D:3      | Killed Crazy Yiuf
  4250 | D:3      | Reached skill level 4 in Fire Magic
  4348 | D:3      | Noticed a centaur
  4357 | D:3      | Shot with an arrow by a centaur

Vault maps used:
D:1:      dpeg_cavernosity
D:3:      grunt_temple_overflow_open, kennysheep_generic_room_7, uniq_robin,
          uniq_crazy_yiuf_cottage

Skill      XL: |  1  2  3  4  5 |
---------------+----------------+-----
Dodging        | 2 |  2.5
Short Blades   | 1 |  1.6
Spellcasting   | 3 |  3.4
Stealth        | 2 |  2.0
Conjurations   | 2 |  2.0
Fire Magic     | 4 |  4.0

Action                   |  1- 3 |  4- 6 || total
-------------------------+-------+-------++-------
Melee: Unarmed           |    66 |       ||    66
       Tailslap          |     8 |     6 ||    14
       Dagger            |    29 |       ||    29
       Short sword       |    53 |   103 ||   156
 Cast: Flame Tongue      |    30 |    30 ||    60
       Throw Flame       |     2 |    16 ||    18
  Use: Scroll            |       |     4 ||     4
       Potion            |       |     3 ||     3
 Stab: Sleeping          |     2 |       ||     2
  Eat: Chunk             |     4 |     9 ||    13
Armor: Skin              |    63 |    40 ||   103
Dodge: Dodged            |   124 |    61 ||   185
